 Dungeon Crawl Stone Soup version 0.25.1-11-g244df3a29b (webtiles) character file.

Game seed: 11163832988035722525

77151 tkbsonic5 the Protected (level 16, -3/171 HPs)
             Began as a Halfling Berserker on Dec 23, 2022.
             Was a High Priest of Trog.
             Slain by a seven-headed hydra (9 damage)
             ... on level 13 of the Dungeon on Dec 29, 2022.
             The game lasted 02:06:11 (25146 turns).

tkbsonic5 the Protected (Halfling Berserker)       Turns: 25146, Time: 02:06:11

Health: -3/171     AC: 22    Str: 25    XL:     16   Next: 4%
Magic:  9/22       EV: 19    Int:  5    God:    Trog [*****.]
Gold:   358        SH:  0    Dex: 17    Spells: 15/15 levels left

rFire    + . .     SeeInvis .   C - +0 morningstar
rCold    . . .     Gourm    .   (shield restricted)
rNeg     . . .     Faith    +   N - +6 ring mail "Uckum" {*Contam rCorr Str+3}
rPois    +         Spirit   .   l - +2 hat
rElec    .         Reflect  .   i - scarf {repulsion}
rCorr    +         Harm     .   B - +0 pair of gloves
MR       +++..                  x - +1 pair of boots
Stlth    ..........             L - amulet of faith
HPRegen  1.38/turn              O - ring of poison resistance
MPRegen  0.18/turn              S - ring of protection from fire

@: berserking, regenerating, repel missiles, very quick
A: small, molten scales 1, mutation resistance 1
a: Berserk, Trog's Hand, Brothers in Arms, Renounce Religion


You were on level 13 of the Dungeon.
You worshipped Trog.
Trog was extremely pleased with you.
You were full.

You visited 2 branches of the dungeon, and saw 20 of its levels.

You collected 1501 gold pieces.
You spent 1143 gold pieces at shops.

Inventory:

Hand Weapons
 d - a +5 broad axe
 e - a +0 dagger of venom
 k - a +2 hunting sling
 C - a +0 morningstar (weapon)
 D - the +1 arbalest of Prudence {elec, rElec rF- rN+ Dex+3}
   (You bought it in a shop on level 11 of the Dungeon)

   It charges the ammunition it shoots with electricity; occasionally upon a
   hit, such missiles may discharge and cause terrible harm.
   It affects your dexterity (+3).
   It makes you vulnerable to fire.
   It insulates you from electricity.
   It protects you from negative energy.
 E - a +3 falchion of freezing
 G - a +8 antimagic demon blade
 Z - a +3 antimagic short sword
Missiles
 b - 49 sling bullets
 j - 43 poisoned darts
 s - 16 boomerangs (quivered)
 t - 100 bolts
 M - 12 atropa-tipped darts
Armour
 a - a +1 plate armour
 i - a scarf of repulsion (worn)
 l - a +2 hat (worn)
 x - a +1 pair of boots (worn)
 A - a +1 cloak of preservation
 B - a +0 pair of gloves (worn)
 N - the +6 ring mail "Uckum" (worn) {*Contam rCorr Str+3}
   (You found it on level 9 of the Dungeon)

   It affects your strength (+3).
   It causes magical contamination when unequipped.
   It provides partial protection from all sources of acid and corrosion.
Jewellery
 f - an uncursed ring of resist corrosion
 h - an uncursed ring of see invisible
 L - an amulet of faith (around neck)
 O - a ring of poison resistance (left hand)
 S - a ring of protection from fire (right hand)
Wands
 g - a wand of iceblast (2)
 o - a wand of enslavement (17)
 p - a wand of clouds (4)
 q - a wand of disintegration (37)
 v - a wand of paralysis (2)
 R - a wand of flame (27)
 T - a wand of acid (12)
 X - a wand of digging (2)
Scrolls
 m - 3 scrolls of teleportation
 r - a scroll of fear
 u - 5 scrolls of identify
 y - 9 scrolls of remove curse
Potions
 c - 10 potions of curing
 n - 4 potions of flight
 H - 4 potions of lignification
 I - 2 potions of heal wounds
 P - a potion of stabbing
 V - a potion of invisibility
 W - a potion of might
 Y - a potion of resistance {unknown}
Comestibles
 z - 3 rations


   Skills:
 * Level 12.0 Fighting
 - Level 3.8(3.9) Short Blades
 * Level 1.0(2.2) Long Blades
 - Level 9.6(10.2) Axes
 - Level 4.8(7.4) Maces & Flails
 - Level 13.2(13.7) Slings
   Level 6.4 Bows
 + Level 7.8 Crossbows
 + Level 4.4(7.6) Throwing
 + Level 13.5 Armour
 + Level 7.4 Dodging
 - Level 1.4 Stealth
 - Level 8.5 Evocations


You had 15 spell levels left.
You didn't know any spells.
Your spell library was empty.

Dungeon Overview and Level Annotations

Branches:
Dungeon (14/15)            Temple (0/1) D:5            Lair (6/6) D:11
  Swamp (0/4) Lair:3       Spider (0/4) Lair:3        Slime (0/5) Lair:5
    Orc (0/2) D:11
 Vaults: D:13-14

Altars:
Elyvilon
Fedhas
Kikubaaqudgha
Makhleb
Nemelex Xobeh
Wu Jian

Shops:
D:11 [(!   D:12 !   D:13 [

Portals:
Trove: D:11 (lose all piety)

Annotations:
D:3 1 runed translucent door, Crazy Yiuf
D:7 Joseph
D:12 1 runed translucent door
D:14 Kirke
Lair:6 exclusion: oklob plant


Innate Abilities, Weirdness & Mutations

You are small and have problems with some larger weapons.
You are somewhat resistant to further mutation.
You are partially covered in molten scales. (AC +2)


Message History

You barely miss the seven-headed hydra.
The seven-headed hydra is heavily wounded.
The seven-headed hydra bites you but does no damage. x2
The seven-headed hydra closely misses you.
The seven-headed hydra completely misses you.
The seven-headed hydra bites you!
* * * LOW HITPOINT WARNING * * *
The seven-headed hydra bites you but does no damage. x2
You puncture the seven-headed hydra!
The seven-headed hydra is heavily wounded.
You impale the seven-headed hydra!!
The seven-headed hydra is almost dead.
The seven-headed hydra completely misses you.
The seven-headed hydra bites you but does no damage.
The seven-headed hydra barely misses you.
The seven-headed hydra bites you!
* * * LOW HITPOINT WARNING * * *
The seven-headed hydra completely misses you.
The seven-headed hydra bites you!
You die...

#......#...#......###..........#
.###.#.#.#....##..# ##.........#
## ##..#.##.#.##).# #.######..##
# #.##.##.#.##..# #.# #..... ##
##.##.##....#..## #.# #.....
.###.....##.#.##...###.#####.....
#........##...............##..#..
.........##.####.#..##.##.##..###
......#..##....#@#..##.##.##..#
##....#.....##.#D.............##
....#####..>........##.##.###..##
.#....#.....##.##.........###...#
.##...#.....##.##.#.........⌠.⌠.#
.##.#...#<####.##.####.#####.∩..#
.##.....#.# #.##.# #.# #⌠.⌠##
.##.#####.# #.##.# ##.#########
.##.# #.# #.##.###...).#######


You could see a seven-headed hydra.

Vanquished Creatures
  Frances (D:12)
  Azrael (D:12)
  A fire dragon (Lair:6)
  7 hydras
  Erolcha (D:9)
  Fannar (D:12)
  8 two-headed ogres
  A tengu warrior (D:13)
  6 death yaks (Lair:4)
  Urug (Lair:1)
  Sonja (Lair:6)
  Nergalle (Lair:2)
  6 slime creatures
  An unseen horror (D:12)
  A lindwurm (Lair:6)
  An ugly thing (D:12)
  A cyclops (D:11)
  19 elephants
  Maurice (D:8)
  5 black mambas
  3 molten gargoyles (Lair:6)
  11 spiny frogs
  12 komodo dragons
  2 kobold demonologists (D:11)
  10 rime drakes
  A guardian mummy (D:11)
  3 polar bears
  2 hornets
  3 trolls
  6 blink frogs (Lair:1)
  12 hippogriffs
  11 dream sheep (Lair:6)
  Grinder (D:3)
  A spriggan (D:10)
  A vampire (D:12)
  3 wyverns
  4 basilisks (Lair:6)
  5 fire elementals (D:12)
  37 yaks
  3 steam dragons (Lair:6)
  3 hogs (D:13)
  2 vampire mosquitoes (D:12)
  2 acid dragons
  5 insubstantial wisps (Lair:3)
  8 hell hounds
  19 porcupines
  15 water moccasins
  2 ice beasts
  6 orc warriors
  A sky beast (D:9)
  A black bear (D:11)
  20 ogres
  An eye of draining (D:12)
  5 centaurs
  8 wolves
  16 crocodiles
  4 big kobolds
  18 bullfrogs
  A wyvern skeleton (D:11)
  10 killer bees
  3 scorpions
  12 wights
  2 howler monkeys
  6 electric eels
  9 crimson imps
  4 lava snakes (Lair:6)
  2 bullfrog zombies (D:8)
  A quasit (D:10)
  3 bullfrog skeletons
  11 jellies
  5 orc priests
  3 centaur skeletons
  2 gnoll shamans
  3 hounds
  5 orc wizards
  2 iguanas
  7 worker ants
  A killer bee zombie (D:6)
  An ogre zombie (D:9)
  A worker ant zombie (D:5)
  3 howler monkey skeletons
  9 gnolls
  7 adders
  A river rat (D:8)
  2 shadow imps
  5 oozes
  An adder zombie (D:7)
  4 worms
  3 dart slugs
  5 leopard geckos
  32 orcs
  7 giant cockroaches
  11 goblins
  6 hobgoblins
  9 jackals
  4 quokkas
  A ball python (D:5)
  11 bats
  2 frilled lizards
  28 kobolds
  A leopard gecko skeleton (D:2)
  4 rats
  3 fungi
585 creatures vanquished.

Vanquished Creatures (collateral kills)
  3 hydras
  A centaur warrior (D:13)
  A catoblepas (Lair:5)
  A two-headed ogre (D:9)
  A deep elf mage (D:13)
  A torpor snail (Lair:2)
  2 spiny frogs
  3 kobold demonologists
  2 hippogriffs (Lair:6)
  A spriggan (Lair:2)
  2 yaks (Lair:2)
  Menkaure (D:7)
  3 big kobolds
  A wight (D:13)
  A howler monkey (D:13)
  A crimson imp (D:13)
  A gnoll (D:7)
  3 jackals (D:7)
  2 kobolds
31 creatures vanquished.

Vanquished Creatures (others)
  A water elemental (D:12)
  A basilisk (Lair:6)
  A wolf (Lair:4)
  58 fungi
  56 plants
117 creatures vanquished.

Grand Total: 733 creatures vanquished

Notes
Turn   | Place    | Note
-------+----------+-------------------------------------------
     0 | D:1      | tkbsonic5 the Halfling Berserker began the quest for the
                  | Orb.
     0 | D:1      | Reached XP level 1. HP: 15/15 MP: 1/1
   331 | D:1      | Reached XP level 2. HP: 15/20 MP: 2/2
   761 | D:1      | Reached XP level 3. HP: 22/26 MP: 3/3
  1322 | D:2      | Reached skill level 1 in Short Blades
  1392 | D:2      | Reached skill level 1 in Stealth
  1653 | D:2      | Reached ** piety under Trog
  1664 | D:2      | Reached XP level 4. HP: 22/31 MP: 4/4
  1936 | D:2      | Found a burning altar of Makhleb.
  1936 | D:2      | Found a sparkling altar of Nemelex Xobeh.
  1936 | D:2      | Found a white marble altar of Elyvilon.
  1936 | D:2      | Found an ornate altar of the Wu Jian Council.
  1943 | D:2      | Found a blossoming altar of Fedhas.
  1943 | D:2      | Found an ancient bone altar of Kikubaaqudgha.
  2401 | D:3      | Noticed Grinder
  2407 | D:3      | Paralysed by Grinder for 6 turns
  2425 | D:3      | Gained mutation: You are partially covered in molten
                  | scales. (AC +2) [potion of mutation]
  2446 | D:3      | Killed Grinder
  2446 | D:3      | Reached XP level 5. HP: 28/37 MP: 5/5
  2446 | D:3      | Reached XP level 6. HP: 33/43 MP: 6/6
  2797 | D:3      | Found a runed translucent door.
  2798 | D:3      | Noticed Crazy Yiuf
  2913 | D:3      | You fall into a shaft and drop 2 floors!
  2913 | D:5      | Entered Level 5 of the Dungeon
  2940 | D:5      | Reached skill level 1 in Slings
  3040 | D:5      | Found a staircase to the Ecumenical Temple.
  3182 | D:5      | Noticed an ogre
  3201 | D:5      | Killed an ogre
  3201 | D:5      | Reached XP level 7. HP: 48/48 MP: 7/7
  3346 | D:5      | Reached *** piety under Trog
  3853 | D:5      | Reached skill level 5 in Armour
  4309 | D:6      | Reached XP level 8. HP: 54/54 MP: 8/8
  4363 | D:5      | Reached skill level 5 in Fighting
  4751 | D:6      | Reached skill level 5 in Slings
  5021 | D:6      | Noticed a yak
  5023 | D:6      | Noticed a yak
  5027 | D:6      | Noticed a yak
  5030 | D:6      | Noticed a yak
  5032 | D:6      | Noticed a yak
  5032 | D:6      | Killed a yak
  5033 | D:6      | Noticed a yak
  5035 | D:6      | Killed a yak
  5035 | D:6      | Reached XP level 9. HP: 53/61 MP: 9/9
  5036 | D:6      | Reached skill level 5 in Axes
  5431 | D:7      | Noticed Joseph
  5492 | D:7      | Reached skill level 1 in Throwing
  5496 | D:7      | Reached **** piety under Trog
  5499 | D:7      | Noticed Menkaure
  5506 | D:7      | Killed Menkaure
  5708 | D:8      | Noticed Maurice
  5717 | D:8      | Killed Maurice
  5717 | D:8      | Reached XP level 10. HP: 69/69 MP: 10/10
  6664 | D:9      | Got an encrusted ring mail
  6665 | D:9      | Identified the +6 ring mail "Uckum" {*Contam rCorr Str+3}
                  | (You found it on level 9 of the Dungeon)
  6850 | D:9      | Noticed a two-headed ogre
  6860 | D:9      | Killed a two-headed ogre
  6860 | D:9      | Reached skill level 1 in Bows
  6971 | D:9      | Reached skill level 10 in Slings
  6989 | D:9      | Reached XP level 11. HP: 58/77 MP: 11/11
  7362 | D:9      | Noticed a two-headed ogre
  7363 | D:9      | Noticed a two-headed ogre
  7364 | D:9      | Noticed a two-headed ogre
  7370 | D:9      | Killed a two-headed ogre
  7382 | D:9      | Killed a two-headed ogre
  7388 | D:9      | Killed a two-headed ogre
  7465 | D:9      | Noticed a two-headed ogre
  7465 | D:9      | Noticed a two-headed ogre
  7475 | D:9      | Noticed a two-headed ogre
  7477 | D:9      | Killed a two-headed ogre
  7478 | D:9      | Noticed Erolcha
  7745 | D:9      | Killed Erolcha
  7745 | D:9      | Reached skill level 10 in Armour
  7824 | D:9      | Killed a two-headed ogre
  7824 | D:9      | Reached skill level 5 in Bows
  7862 | D:9      | Killed a two-headed ogre
  7862 | D:9      | Reached XP level 12. HP: 7/85 MP: 12/12
  8393 | D:10     | Entered Level 10 of the Dungeon
  9737 | D:11     | Found a portal to a secret trove of treasure.
  9891 | D:11     | Found Jidd's Armour Shop.
  9891 | D:11     | Found a staircase to the Orcish Mines.
  9984 | D:11     | Found Vefatt's Weapon Shop.
  9993 | D:11     | Bought a +1 cloak of preservation for 214 gold pieces
  9999 | D:11     | Bought the +1 arbalest of Prudence {elec, rElec rF- rN+
                  | Dex+3} for 404 gold pieces
 10124 | D:11     | Found Olirepuera's Distillery.
 10128 | D:11     | Bought a potion of heal wounds for 60 gold pieces
 10128 | D:11     | Bought a potion of curing for 36 gold pieces
 10211 | D:11     | Reached skill level 1 in Crossbows
 10211 | D:11     | Reached skill level 1 in Evocations
 10218 | D:11     | Reached skill level 1 in Maces & Flails
 10319 | D:11     | Found a staircase to the Lair.
 10655 | Lair:1   | Entered Level 1 of the Lair of Beasts
 10946 | Lair:1   | Noticed Urug
 10960 | Lair:1   | Killed Urug
 11187 | Lair:1   | Reached ***** piety under Trog
 11187 | Lair:1   | Reached XP level 13. HP: 88/92 MP: 15/15
 11950 | Lair:1   | Reached skill level 10 in Fighting
 13027 | Lair:2   | Noticed Nergalle
 13178 | Lair:2   | Killed Nergalle
 13254 | Lair:2   | Noticed a six-headed hydra
 13269 | Lair:2   | Killed a six-headed hydra
 13275 | Lair:2   | Noticed a four-headed hydra
 13281 | Lair:2   | Killed a four-headed hydra
 13938 | Lair:2   | Noticed a seven-headed hydra
 13962 | Lair:2   | Killed a seven-headed hydra
 13962 | Lair:2   | Reached skill level 5 in Crossbows
 14121 | Lair:2   | Noticed a six-headed hydra
 14132 | Lair:2   | Killed a six-headed hydra
 14818 | Lair:3   | Found a hole to the Spider Nest.
 14908 | Lair:3   | Reached skill level 5 in Dodging
 15205 | Lair:3   | Noticed a four-headed hydra
 15210 | Lair:3   | Killed a four-headed hydra
 15210 | Lair:3   | Reached skill level 5 in Evocations
 15231 | Lair:3   | Found a staircase to the Swamp.
 16269 | Lair:4   | Noticed a four-headed hydra
 16297 | Lair:4   | Reached XP level 14. HP: 99/99 MP: 17/17
 16903 | Lair:4   | Received a gift from Trog
 17749 | Lair:5   | Found a staircase to the Slime Pits.
 19328 | Lair:6   | Entered Level 6 of the Lair of Beasts
 19355 | Lair:6   | Noticed Sonja
 19359 | Lair:6   | Killed Sonja
 19479 | Lair:6   | Reached XP level 15. HP: 107/107 MP: 20/20
 21767 | Lair:6   | Found a large runed translucent door.
 21768 | Lair:6   | Found a large runed translucent door.
 22500 | D:12     | Found Ubemeo's Distillery.
 22507 | D:12     | Bought a potion of lignification for 39 gold pieces
 22507 | D:12     | Bought a potion of heal wounds for 65 gold pieces
 22507 | D:12     | Bought a potion of invisibility for 104 gold pieces
 22507 | D:12     | Bought a potion of haste for 130 gold pieces
 22507 | D:12     | Bought a potion of might for 52 gold pieces
 22507 | D:12     | Bought a potion of flight for 39 gold pieces
 22621 | D:12     | Received a gift from Trog
 22753 | D:12     | Noticed Azrael
 22934 | D:12     | Noticed Frances
 22951 | D:12     | Killed Frances
 23098 | D:12     | Noticed Fannar
 23124 | D:12     | Killed Fannar
 23796 | D:12     | Found a runed translucent door.
 23913 | D:12     | Killed Azrael
 24596 | D:13     | Received a gift from Trog
 24707 | D:13     | Reached XP level 16. HP: 114/114 MP: 7/22
 24911 | D:13     | Found Exziote's Antique Armour Emporium.
 25098 | D:14     | Noticed Kirke
 25103 | D:13     | Reached skill level 1 in Long Blades
 25146 | D:13     | HP: 6/171 [seven-headed hydra (8)]
 25146 | D:13     | Slain by a seven-headed hydra

Illustrated notes

Levels and vault maps discovered:
D:1:      wander_arrival_lonely_grave, layout_basic,
          wad_floor_pattern_untrapped, serial_bayou_lagoon_a
D:2:      layout_rooms, minmay_overflow_temple_hex
D:3:      minmay_razor_zed, layout_basic, chequers_ecumenical_altar_lobes,
          first_ration, uniq_grinder, uniq_crazy_yiuf_cottage
D:4:      layout_rooms
D:5:      layout_loops_ring, minmay_temple_entry_drinking_statues,
          corexii_leaking_fountain
D:6:      layout_rooms, ebering_dispersal_statue_hall, nicolae_underground_beach
D:7:      layout_layer_cave, uniq_joseph, uniq_menkaure
D:8:      layout_rooms, uniq_maurice
D:9:      lemuel_ogre_cave, layout_rooms, uniq_erolcha
D:10:     layout_basic, the_bakery, minmay_misc_feat_x
D:11:     layout_roguey, due_lair_maze_entry_diamond, orc_david_3, serial_shops,
          kennysheep_mini, nicolae_trove_entry_path_of_doom
D:12:     layout_irregular_city, serial_shops, kennysheep_little_box,
          lightli_airlock, uniq_fannar, uniq_azrael, uniq_frances
D:13:     minmay_curly_fans, layout_loops_ring, serial_shops, shop_fountains
D:14:     layout_basic, david_vaults_2, nicolae_gozag_seed_capital, uniq_kirke
Lair:1:   layout_cave_pods, uniq_urug
Lair:2:   layout_hall_layers, nicolae_volcano_entry_s_turn, serial_bayou_pond_d,
          st_stairs_11, minmay_holes, minivault_25,
          grunt_forest_large_clearing_hut, uniq_nergalle
Lair:3:   layout_hall_layers, minmay_swamp_entry_wisps,
          nicolae_spider_entry_non_spiders, grunt_megastairs_5,
          infiniplex_staircase_pool_2
Lair:4:   layout_cave_shapes, grunt_megastairs_2
Lair:5:   layout_loops_ring, nicolae_slime_entry_slimehenge,
          serial_bayou_shore_a
Lair:6:   cheibrodos_lair_end_hotspot, layout_regular_city,
          minmay_lair_drake_nest, infiniplex_staircase_pool, uniq_sonja

Skill      XL: |  1  2  3  4  5  6  7  8  9 10 11 12 13 14 15 16 |
---------------+-------------------------------------------------+-----
Fighting       | 3 4 5 6 7 9 10 11 12 | 12.0
Short Blades   | 1 2 3 |  3.8
Stealth        | 1 |  1.4
Armour         | 4 5 6 7 9 10 11 12 13 | 13.5
Slings         | 2 3 5 8 10 11 12 13 | 13.2
Axes           | 4 5 6 7 8 9 |  9.6
Throwing       | 2 3 4 |  4.4
Bows           | 2 5 6 |  6.4
Dodging        | 3 5 6 7 |  7.4
Crossbows      | 3 5 6 7 |  7.8
Evocations     | 2 5 7 8 |  8.5
Maces & Flails | 2 4 |  4.8
Long Blades    | 1 |  1.0

Action                   |  1- 3 |  4- 6 |  7- 9 | 10-12 | 13-15 | 16-18 || total
-------------------------+-------+-------+-------+-------+-------+-------++-------
Melee: Hand axe          |    16 |     5 |       |       |       |       ||    21
       Dagger            |    68 |   102 |   128 |    55 |    24 |       ||   377
       Unarmed           |       |     1 |       |       |       |       ||     1
       War axe           |       |       |    78 |   244 |       |       ||   322
       Falchion          |       |       |       |   103 |    14 |       ||   117
       Morningstar       |       |       |       |    64 |   275 |    10 ||   349
       Broad axe         |       |       |       |       |   414 |       ||   414
       Demon blade       |       |       |       |       |    35 |    24 ||    59
 Fire: Hunting sling     |       |       |    42 |   184 |    45 |       ||   271
       Shortbow          |       |       |       |    96 |       |       ||    96
       Arbalest          |       |       |       |    20 |   335 |       ||   355
Throw: Dart              |     2 |    11 |    50 |     9 |    30 |       ||   102
       Boomerang         |       |       |    15 |    16 |    91 |       ||   122
       Throwing net      |       |       |     1 |     5 |       |       ||     6
Invok: Berserk           |     3 |     2 |     9 |    14 |    16 |     1 ||    45
       Trog's Hand       |       |     1 |     3 |     9 |    15 |     1 ||    29
       Brothers in Arms  |       |       |       |     2 |     7 |       ||     9
Evoke: Wand              |       |       |    15 |    27 |    52 |       ||    94
  Use: Potion            |     1 |     2 |     1 |    11 |    10 |       ||    25
       Scroll            |       |     5 |     6 |    12 |    15 |     1 ||    39
 Stab: Sleeping          |     1 |       |       |       |     2 |       ||     3
       Confused          |       |       |     1 |       |       |       ||     1
       Distracted        |       |       |       |     1 |       |       ||     1
       Invisible         |       |       |       |       |     9 |       ||     9
       Paralysed         |       |       |       |       |     9 |       ||     9
  Eat: Chunk             |     2 |     3 |    14 |    11 |    18 |     1 ||    49
       Ration            |     1 |     1 |     1 |     8 |    13 |     2 ||    26
Armor: Animal skin       |     9 |       |       |       |       |       ||     9
       Scale mail        |       |    12 |       |       |       |       ||    12
       Chain mail        |       |    41 |    50 |       |       |       ||    91
       Skin              |       |     4 |       |       |    33 |       ||    37
       Plate armour      |       |       |    86 |    85 |       |       ||   171
       Ring mail         |       |       |       |   227 |   557 |    56 ||   840
Dodge: Dodged            |    51 |    46 |   114 |   473 |  1090 |    72 ||  1846
       Repelled          |       |       |       |     7 |    23 |       ||    30
       Rpst.: Falchion   |       |       |       |    25 |     6 |       ||    31
       Demon blade       |       |       |       |       |    11 |     8 ||    19
